 Dungeon Crawl Stone Soup version 0.31-a0-435-g2c6fae2916 (webtiles) character file.

Game seed: 12776415439209088793

463 Ethylacetat the Insei (level 7, -1/38 HPs)
             Began as a Vine Stalker Monk on Aug 1, 2023.
             Slain by a gnoll
             ... wielding a +0 spear
             ... led by a gnoll bouda
              (4 damage)
             ... on level 4 of the Dungeon.
             The game lasted 00:03:56 (1806 turns).

Ethylacetat the Insei (Vine Stalker Monk)           Turns: 1806, Time: 00:03:57

Health: -1/38      AC:  5    Str: 14    XL:     7   Next: 7%
Magic:  0/11       EV: 18    Int: 10    God:
Gold:   196        SH:  0    Dex: 18    Spells: 10/10 levels left

rFire   . .          .
                       - Unarmed
rCold   . . .        c - orb {light}
rNeg    . . .        a - +0 robe
rPois   .            (no helmet)
rElec   .            s - +2 cloak
rCorr   .            (no gloves)
SInv    .            (no boots)
Will    .....        (no amulet)
Stlth   +            r - +5 ring of evasion
HPRegen 1.06/turn    (no ring)
MPRegen 0.12/turn

%: guardian spirit
@: brilliant, glowing
A: fangs 2, regeneration 1, magic shield, antimagic bite, no potion heal 2
a: no special abilities


You were on level 4 of the Dungeon.
You visited 1 branch of the dungeon, and saw 4 of its levels.

You collected 196 gold pieces.

Inventory:

Armour
 a - a +0 robe (worn)
 c - an orb of light (worn)
 s - a +2 cloak (worn)
Jewellery
 r - a +5 ring of evasion (left hand)
 x - a +6 ring of intelligence
Wands
 m - a wand of flame (16)
 y - a wand of roots (8)
Scrolls
 e - 2 scrolls of poison {unknown}
 f - 3 scrolls of identify {unknown}
 i - 3 scrolls of teleportation {unknown}
 k - 2 scrolls of enchant weapon {unknown}
 l - a scroll of amnesia {unknown}
 p - a scroll of enchant armour {unknown}
 q - a scroll of blinking {unknown}
 u - 3 scrolls of fog {unknown}
 v - a scroll of revelation {unknown}
 w - a scroll of immolation {unknown}
Potions
 b - a potion of ambrosia
 d - a potion of haste {unknown}
 g - a potion of curing {unknown}
 h - 3 potions of berserk rage {unknown}
 j - 2 potions of heal wounds
 n - a potion of mutation {unknown}
 o - 2 potions of brilliance
 t - a potion of might {unknown}


   Skills:
 * Level 4.8 Fighting
 - Level 3.0 Dodging
 * Level 5.3 Unarmed Combat
 + Level 2.3 Spellcasting


You had 10 spell levels left.
You didn't know any spells.
Your spell library was empty.

Dungeon Overview and Level Annotations

Branches:
Dungeon (4/15)
 Temple: D:4-7

Altars:
Makhleb


Innate Abilities, Weirdness & Mutations

You have extremely sharp teeth.
Your natural rate of healing is unusually fast.
When hurt, damage is shared between your health and your magic reserves.
Your bite disrupts and absorbs the magic of your enemies.
Potions cannot restore your health.


Message History

You kill the gnoll!
The gnoll hits you from afar with a +0 spear.
The gnoll bouda hits you with a +0 club!
The gnoll closely misses you.
You hit the gnoll bouda.
The gnoll bouda is lightly wounded.
The gnoll hits you from afar with a +0 spear.
The gnoll bouda hits you with a +0 club!
The gnoll hits you from afar with a +0 spear.
The gnoll bouda attacks as you move away!
The gnoll bouda hits you with a +0 club!
* * * LOW HITPOINT WARNING * * *
You hit the gnoll bouda but do no damage.
The gnoll bouda is lightly wounded.
The gnoll bouda hits you with a +0 club.
* * * LOW HITPOINT WARNING * * *
The gnoll barely misses you. The gnoll misses you.
You hit the gnoll bouda but do no damage.
You bite the gnoll bouda. You drain its power.
You feel invigorated.
The gnoll bouda is moderately wounded.
The gnoll misses you. The gnoll bouda completely misses you.
You hit the gnoll bouda. You bite the gnoll bouda. You drain its power.
You feel invigorated.
The gnoll bouda is heavily wounded.
The gnoll barely misses you.
The gnoll hits you from afar with a +0 spear!
* * * LOW HITPOINT WARNING * * *
The gnoll bouda hits you with a +0 club!
* * * LOW HITPOINT WARNING * * *
It was a potion of brilliance.
You feel clever all of a sudden.
The gnoll is no longer moving quickly.
The gnoll hits you but does no damage. The gnoll closely misses you.
The gnoll bouda barks out a call to the hunt!
The gnoll picks up the pace!
It was a potion of heal wounds.
That seemed strangely inert.
The gnoll hits you from afar with a +0 spear.
* * * LOW HITPOINT WARNING * * *
The gnoll hits you from afar with a +0 spear.
You die...

#...# #.##.# # #...#
#.##.##.# #...# #.......#
## #####...#######....####
..
#...........##.....#####..
..................)).)....
#...........#......)####..
##.#...#.###.>.....# ..
#...#@# ##.....## ##
#.#...#g# ##...##
#.....gg# ##.... #..#)##.#
.....## #...g...# #.....#
.......#.# #......
..##.#..#.# #.....## ..
#......# #... ...


You could see a gnoll bouda and 2 gnolls.

Vanquished Creatures
  A water moccasin (D:4)
  An ice beast (D:4)
  A jelly (D:3)
  Natasha (thrice) (D:2)
  8 gnolls
  3 adders (D:2)
  A dart slug (D:1)
  9 endoplasms
  3 giant cockroaches (D:2)
  5 goblins
  4 hobgoblins
  A quokka (D:2)
  5 ball pythons
  2 bats
  2 frilled lizards
  2 kobolds (D:2)
  6 rats
57 creatures vanquished.

Notes
Turn   | Place    | Note
-------+----------+-------------------------------------------
     0 | D:1      | Ethylacetat the Vine Stalker Monk began the quest for the
                  | Orb.
     0 | D:1      | Reached XP level 1. HP: 11/11 MP: 2/2
   174 | D:1      | Reached XP level 2. HP: 13/16 MP: 1/3
   549 | D:2      | Reached XP level 3. HP: 13/20 MP: 4/4
   715 | D:2      | Noticed Natasha
   726 | D:2      | Killed Natasha
   727 | D:2      | Gained mutation: Your natural rate of healing is unusually
                  | fast. [Vine Stalker growth]
   727 | D:2      | Reached XP level 4. HP: 15/24 MP: 5/5
   741 | D:2      | Found a burning altar of Makhleb.
   852 | D:2      | Noticed Natasha
   864 | D:2      | Killed Natasha
   865 | D:2      | Reached skill level 4 in Unarmed Combat
   932 | D:2      | Noticed Natasha
   938 | D:2      | Killed Natasha
   939 | D:2      | Reached XP level 5. HP: 22/29 MP: 3/7
  1096 | D:3      | Reached skill level 1 in Spellcasting
  1690 | D:4      | Noticed a water moccasin
  1698 | D:4      | Killed a water moccasin
  1699 | D:4      | Reached XP level 6. HP: 31/34 MP: 9/9
  1731 | D:4      | Noticed an ice beast
  1742 | D:4      | Killed an ice beast
  1743 | D:4      | Reached skill level 5 in Unarmed Combat
  1754 | D:4      | Reached XP level 7. HP: 34/38 MP: 9/11
  1806 | D:4      | Slain by a gnoll

Illustrated notes

Levels and vault maps discovered:
D:1:      dpeg_arrival_leaves_temple_mockup, layout_rooms
D:2:      layout_rooms, basic_altar, corner_web_ring, uniq_natasha
D:3:      layout_loops_cross
D:4:      layout_loops_cross, temple_hall, nicolae_ossuary_entry_ruins,
          uniq_eustachio

Skill      XL: |  1  2  3  4  5  6 |
---------------+-------------------+-----
Fighting       | 3 4 |  4.8
Dodging        | 3 |  3.0
Unarmed Combat | 4 5 |  5.3
Spellcasting   | 1 2 |  2.3

Action                     |  1- 3 |  4- 6 |  7- 9 || total
---------------------------+-------+-------+-------++-------
  Melee: Unarmed           |    59 |   101 |    17 ||   177
         Bite              |    19 |    33 |     9 ||    61
  Evoke: Wand              |       |     2 |       ||     2
    Use: Potion            |       |       |     2 ||     2
 Armour: Robe              |     3 |    14 |     2 ||    19
  Dodge: Dodged            |    33 |    71 |    24 ||   128

Table legend: (Time is in decaauts)
 A = Elapsed time spent in this place.
 B = Non-inter-level travel time spent in this place.
 C = Inter-level travel time spent in this place.
 D = Time resting spent in this place.
 E = Time spent auto-exploring this place.
 F = Levels seen in this place.
 G = Mean time per level.
                   A        B        C        D        E       F      G
               +--------+--------+--------+--------+--------+-----+--------+
         Total |   1791 |   1751 |     40 |      0 |   1319 |   4 |  447.8 |
       Dungeon |   1791 |   1751 |     40 |      0 |   1319 |   4 |  447.8 |
               +--------+--------+--------+--------+--------+-----+--------+

Top non-repeatable levels by time:
     D:2: 622 daAuts
     D:3: 582 daAuts
     D:1: 443 daAuts
     D:4: 143 daAuts
